 Dungeon Crawl Stone Soup version 0.30-a0-219-gf2db51d15e (webtiles) character file.

Game seed: 9541264212085807413

112 Flugkiller the Vexing (level 4, -1/33 HPs)
             Began as a Mummy Hexslinger on Oct 7, 2022.
             Was a Priest of Cheibriados.
             Killed from afar by an orc wizard (13 damage)
             ... with a puff of flame
             ... on level 2 of the Dungeon.
             The game lasted 00:02:02 (1844 turns).

Flugkiller the Vexing (Mummy Hexslinger)            Turns: 1844, Time: 00:02:03

Health: -1/33      AC:  4    Str: 20    XL:     4   Next: 64%
Magic:  5/7        EV: 12    Int: 19    God:    Cheibriados [***...]
Gold:   227        SH:  0    Dex: 21    Spells: 7/8 levels left

rFire   x . .      SeeInvis .    a - +1 sling
rCold   + . .      Faith    +    (no shield)
rNeg    + + +      Spirit   .    c - +0 robe
rPois   ∞          Reflect  .    e - +2 hat
rElec   .          Harm     .    (no cloak)
rCorr   .          Rampage  .    (no gloves)
Will    .....                    (no boots)
Stlth   ++........               (no amulet)
HPRegen 0.25/turn                (no ring)
MPRegen 0.10/turn                (no ring)

@: about to teleport, very slow
A: cold resistance 1, negative energy resistance 3, torment resistance 2, heat
vulnerability 1, in touch with death 1, no potions, faith
a: Renounce Religion, Bend Time, Temporal Distortion


You were on level 2 of the Dungeon.
You worshipped Cheibriados.
Cheibriados was most pleased with you.
You visited 1 branch of the dungeon, and saw 3 of its levels.

You collected 227 gold pieces.

Inventory:

Hand Weapons
 a - a +1 sling (weapon)
Armour
 c - a +0 robe (worn)
 e - a +2 hat (worn)
   (You found it on level 1 of the Dungeon)
Scrolls
 b - 2 scrolls of poison
 d - a scroll of noise {unknown}
 f - a scroll of butterflies {unknown}
 g - a scroll of silence
 h - a scroll of identify {unknown}
 i - a scroll of blinking {unknown}
 j - a scroll of vulnerability {unknown}
 k - a scroll of summoning {unknown}
 t - a scroll of teleportation


   Skills:
 + Level 1.9 Fighting
 * Level 2.7 Ranged Weapons
 - Level 1.5 Dodging
 + Level 2.5 Spellcasting
 * Level 3.5 Hexes


You had 7 spell levels left.
You knew the following spells:

 Your Spells              Type           Power      Damage    Failure   Level
a - Slow                  Hex            60%        N/A       3%          1

Your spell library contained the following spells:

 Spells                   Type           Power      Damage    Failure   Level
 Inner Flame              Hex/Fire       9%         N/A       24%         3
 Portal Projectile        Hex/Tloc       18%        N/A       24%         3
 Cause Fear               Hex            7%         N/A       36%         4


Dungeon Overview and Level Annotations

Branches:
Dungeon (3/15) Zot: 24304

Altars:
Cheibriados


Innate Abilities, Weirdness & Mutations

You are immune to poison.
Your flesh is cold resistant. (rC+)
You are immune to negative energy. (rN+++)
You are immune to unholy pain and torment.
You are vulnerable to heat. (rF-)
You are in touch with the powers of death.
You do not drink.
You have a special connection with the divine. (Faith)


Message History

(D) Dungeon
Where to? (Enter - D:2, ? - help)
You see here 5 stones.
There is an open door here.
There is a stone staircase leading down here.
You climb downwards.
There is a stone staircase leading up here.
There are monsters nearby!
Unknown command.
Okay, then.
Fire: a) +1 sling
Press: ? - help, Q - select action, (/) - cycle Shift-Dir - straight line, f - orc
Aim: an orc, wielding a +0 war axe (asleep, 98% to hit)
You shoot a sling bullet. The sling bullet hits the orc.
The orc is severely wounded.
The orc shouts!
Fire: a) +1 sling
Press: ? - help, Q - select action, (/) - cycle Shift-Dir - straight line, f/p - orc
Aim: an orc, wielding a +0 war axe (severely wounded, 62% to hit)
You shoot a sling bullet. The sling bullet hits the orc.
You kill the orc!
Cheibriados appreciates the change of pace.
Fire: a) +1 sling
Press: ? - help, Q - select action, (/) - cycle Shift-Dir - straight line, f - orc
Aim: an orc, wielding a +0 flail and wearing a +0 chain mail (69% to hit)
You shoot a sling bullet.
The sling bullet hits the orc but does no damage.
An orc comes into view. It is wielding a +0 hand axe.
Casting: Slow (safe; 3% risk of failure)
Confirm with . or Enter, or press ? or * to list all spells.
Aiming: Slow (safe; 3% risk of failure)
Press: ? - help, Shift-Dir - straight line, f/p - orc
Aim: an orc, wielding a +0 flail and wearing a +0 chain mail (chance to affect: 71%)
The orc seems to slow down.
The orc shouts!
The orc wizard gestures wildly while chanting.
The orc wizard flickers and vanishes!
Deactivating autopickup; reactivate with Ctrl-A.
Fire: a) +1 sling
Press: ? - help, Q - select action, (/) - cycle Shift-Dir - straight line, f/p - orc
Aim: an orc, wielding a +0 flail and wearing a +0 chain mail (slow, 69% to hit)
You shoot a sling bullet.
The sling bullet hits the orc but does no damage.
Unknown command.
Casting: Slow (safe; 3% risk of failure)
Confirm with . or Enter, or press ? or * to list all spells.
Aiming: Slow (safe; 3% risk of failure)
Press: ? - help, Shift-Dir - straight line, f/p - orc
Aim: an orc, wielding a +0 flail and wearing a +0 chain mail (slow, chance to affect: 71%)
The orc seems to slow down.
You shoot a sling bullet. The sling bullet barely misses the orc.
You shoot a sling bullet. The sling bullet barely misses the orc.
The orc closely misses you. Something completely misses you.
The orc closely misses you.
You climb upwards.
Reactivating autopickup.
There is a stone staircase leading down here.
Casting: Slow (safe; 3% risk of failure)
Confirm with . or Enter, or press ? or * to list all spells.
Aiming: Slow (safe; 3% risk of failure)
Press: ? - help, Shift-Dir - straight line, f - orc
Aim: an orc, wielding a +0 flail and wearing a +0 chain mail (slow, chance to affect: 71%)
The orc seems to slow down.
Something hits you. Something freezes you.
Deactivating autopickup; reactivate with Ctrl-A.
The orc misses you.
You shoot a sling bullet. The sling bullet hits the orc.
The orc is lightly wounded.
Something hits you. The orc hits you with a +0 flail.
You shoot a sling bullet. The sling bullet hits the orc.
The orc is heavily wounded.
Something hits you.
You hear some strange, mumbled words.
Something tries to affect you, but you resist.
You are too injured to fight recklessly!
You are too injured to fight recklessly!
Fire: a) +1 sling
Press: ? - help, Q - select action, (/) - cycle Shift-Dir - straight line, f/p - orc
Aim: an orc, wielding a +0 flail and wearing a +0 chain mail (heavily wounded, slow, 69% to hit)
You shoot a sling bullet. The sling bullet hits the orc!
You kill the orc!
Cheibriados appreciates the change of pace.
Something hits you.
Fire: a) +1 sling
Press: ? - help, Q - select action, (/) - cycle Shift-Dir - straight line, f - you Really target yourself?
Okay, then.
As you read the scroll of teleportation, it crumbles to dust.
You feel strangely unstable. Something hits you.
Unknown command.
Fire: a) +1 sling
Press: ? - help, Q - select action, (/) - cycle Shift-Dir - straight line You shoot a sling bullet.
Something hits you but does no damage.
Fire: a) +1 sling
Press: ? - help, Q - select action, (/) - cycle Shift-Dir - straight line You shoot a sling bullet.
You hear some strange, mumbled words.
A puff of flame appears from out of thin air!
The puff of flame hits you! The fire burns you terribly!
You die...

.#...#........############.......
.##....#####.............#..#####
.##)...######.##########.........
..'....'......# ####.##.#####
###....######## #....##......
#....# #####.########### #....#
#..............<. #....#
##)##############. #....#
#@{............... #....#
######.########### #....#
###'########### ######
#.............. #..............
#.............. #..............
#.............. #..(...........


There were no monsters in sight!

Vanquished Creatures
  Jessica (D:2)
  2 adders (D:2)
  2 orcs
  8 ball pythons
  4 endoplasms
  14 goblins
  8 hobgoblins
  2 jackals (D:2)
  4 quokkas (D:1)
  2 bats
  3 frilled lizards
  4 kobolds
  3 rats
57 creatures vanquished.

Vanquished Creatures (others)
  2 fungi (D:1)
  2 toadstools (D:1)
4 creatures vanquished.

Grand Total: 61 creatures vanquished

Notes
Turn   | Place    | Note
-------+----------+-------------------------------------------
     0 | D:1      | Flugkiller the Mummy Hexslinger began the quest for the
                  | Orb.
     0 | D:1      | Reached XP level 1. HP: 15/15 MP: 2/2
   116 | D:1      | Found a faded altar of an unknown god.
   189 | D:1      | Prayed at the altar of an unknown god.
   189 | D:1      | Became a worshipper of Cheibriados the Contemplative
   189 | D:1      | Reached * piety under Cheibriados
   230 | D:1      | Reached XP level 2. HP: 20/21 MP: 4/4
   283 | D:1      | Reached skill level 3 in Hexes
   642 | D:1      | Reached ** piety under Cheibriados
  1015 | D:2      | Gained mutation: You are in touch with the powers of death.
                  | [Mummy growth]
  1015 | D:2      | Reached XP level 3. HP: 21/26 MP: 3/5
  1241 | D:2      | Reached *** piety under Cheibriados
  1242 | D:2      | Reached XP level 4. HP: 32/33 MP: 7/7
  1366 | D:2      | Noticed Jessica
  1368 | D:2      | Killed Jessica
  1844 | D:2      | Killed from afar by an orc wizard

Illustrated notes

Levels and vault maps discovered:
D:1:      sevenhm_arrival_forest_fort_large_2, layout_loops_ring,
          shapermc_ecumenical_altar_totnotflames, minmay_gold_behind_fungi
D:2:      cheibrodos_greedy_goblins, layout_basic, uniq_jessica
D:3:      layout_loops_ring, mainiacjoe_overflow_alcove_2,
          minmay_misc_feat_more_columns, uniq_robin, uniq_natasha

Skill      XL: |  1  2  3 |
---------------+----------+-----
Hexes          | 3 |  3.5
Ranged Weapons | 2 |  2.7
Spellcasting   | 2 |  2.5
Fighting       | |  1.9
Dodging        | |  1.5

Action                   |  1- 3 |  4- 6 || total
-------------------------+-------+-------++-------
 Fire: Sling             |   122 |    28 ||   150
 Cast: Slow              |     9 |     3 ||    12
  Use: Scroll            |       |     3 ||     3
Armor: Robe              |    20 |     1 ||    21
Dodge: Dodged            |    51 |     4 ||    55

Table legend: (Time is in decaauts)
 A = Elapsed time spent in this place.
 B = Non-inter-level travel time spent in this place.
 C = Inter-level travel time spent in this place.
 D = Time resting spent in this place.
 E = Time spent auto-exploring this place.
 F = Levels seen in this place.
 G = Mean time per level.
                   A        B        C        D        E       F      G
               +--------+--------+--------+--------+--------+-----+--------+
         Total |   2596 |   2511 |     85 |     83 |   2104 |   3 |  865.3 |
       Dungeon |   2596 |   2511 |     85 |     83 |   2104 |   3 |  865.3 |
               +--------+--------+--------+--------+--------+-----+--------+

Top non-repeatable levels by time:
     D:2: 1326 daAuts
     D:1: 1259 daAuts
     D:3: 11 daAuts
